Map: Cyber Forest LE

Players

PtitDrogo - Winner!

  • Race: Protoss Protoss
  • Spawn Location: 11:00

SortOf

  • Race: Zerg Zerg
  • Spawn Location: 5:00

Event: 2019 WCS Spring

VOD

Have the link to the VOD?

Description

Time

  • Played on: May 17, 2019, 3:34 p.m.
  • Length: 9:31

All games in this series

Show
View Real Time Build Order
Export as new Build Order

PtitDrogo Protoss - Winner!

Build Orders: 1 Gate Expand, Zealot Archon, Archon Drop, Dark Templar Rush 

Get SALT Encoding   

  12  0:00  Probe  
  13  0:12  Probe  
  14  0:19  Pylon  
  14  0:24  Probe  
  15  0:33  Probe  
  15  0:40  Gateway  
  15  0:41  Probe  
  16  0:49  Assimilator  
  17  0:51  Probe  
  18  1:03  Probe  
  19  1:15  Probe  
  20  1:26  Nexus  
  21  1:36  Cybernetics Core  
  21  1:39  Probe  
  21  1:44  Assimilator  
  21  1:51  Probe  
  21  1:53  Pylon  
  22  2:02  Adept  
  22  2:03  Probe  
  23  2:15  Probe  
  26  2:16  Twilight Council  
  26  2:23  Stalker  
  26  2:24  Warp Gate  
  26  2:27  Probe  
  27  2:34  Probe  
  29  2:39  Probe  
  29  2:43  Probe  
  31  2:49  Robotics Facility  
  32  2:53  Probe x2  
  34  3:07  Probe x2  
  36  3:19  Probe  
  38  3:20  Probe  
  38  3:23  Dark Shrine  
  38  3:25  Gateway  
  38  3:29  Warp Prism  
  38  3:32  Gateway  
  38  3:34  Gateway  
  40  3:42  Probe  
  40  3:43  Probe  
  40  3:47  Assimilator  
  42  3:50  Assimilator  
  42  3:52  Pylon  
  42  3:55  Probe  
  43  3:57  Probe  
  44  4:03  Pylon  
  44  4:07  Probe  
  44  4:09  Probe  
  46  4:12  Adept  
  48  4:19  Probe  
  48  4:21  Probe  
  50  4:31  Probe  
  51  4:33  Probe  
  51  4:36  Dark Templar x3  
  51  4:37  Dark Templar  
  60  4:41  Archon  
  60  4:44  Pylon  
  60  4:46  Archon  
  60  4:48  Pylon  
  60  4:49  Observer  
  60  4:51  Probe  
  62  5:00  Nexus  
  62  5:03  Probe  
  63  5:11  Observer  
  64  5:16  Probe  
  53  5:29  Stalker x3  
  53  5:32  Immortal, Probe  
  53  5:34  Probe  
  60  5:40  Probe  
  60  5:42  Probe  
  56  5:48  Probe  
  58  5:50  Probe  
  60  5:59  Sentry, Probe  
  60  6:00  Sentry, Dark Templar  
  60  6:01  Probe  
  60  6:03  Dark Templar  
  70  6:18  Charge  
  70  6:19  Pylon  
  70  6:20  Pylon  
  70  6:31  Immortal  
  70  6:38  Probe x2  
  76  6:40  Nexus  
  74  6:50  Probe x2  
  74  6:59  Gateway  
  74  7:00  Gateway  
  74  7:02  Pylon  
  74  7:03  Pylon  
  74  7:04  Gateway  
  74  7:07  Sentry x2, Gateway  
  78  7:14  Warp Prism  
  78  7:20  Probe x2  
  82  7:23  Zealot x2, Forge  
  86  7:37  Probe x2  
  88  7:49  Probe x2  
  88  7:50  Dark Templar  
  94  7:54  Dark Templar  
  94  7:55  Dark Templar x2, Archon  
  94  7:56  Dark Templar  
  102  7:59  Immortal  
  102  8:00  Archon  
  102  8:01  Archon  
  96  8:13  Zealot x3  
  102  8:26  Zealot  
  102  8:35  Zealot  
  102  8:36  Zealot x2  
  102  8:40  Pylon  
  108  8:41  Pylon  
  108  8:43  Pylon  
  108  8:48  Pylon  
  108  8:59  Dark Templar  
  108  9:00  Zealot x2, Dark Templar x3  
  108  9:01  Zealot x2  
  122  9:05  Archon x2  
  122  9:10  Assimilator, Probe x2  
  122  9:14  Assimilator  
  108  9:25  Zealot x4  
Show
View Real Time Build Order
Export as new Build Order

SortOf Zerg 

Build Orders: Hatch First 

Get SALT Encoding   

  12  0:00  Drone  
  13  0:12  Overlord  
  13  0:17  Drone  
  14  0:30  Drone x2  
  16  0:47  Drone x2  
  18  0:56  Hatchery  
  17  0:58  Drone  
  17  1:01  Extractor  
  17  1:14  Spawning Pool  
  17  1:17  Drone  
  17  1:20  Drone  
  18  1:29  Drone  
  19  1:41  Drone  
  20  1:51  Overlord  
  20  2:03  Queen  
  20  2:07  Metabolic Boost  
  22  2:09  Queen  
  22  2:10  Zergling x4  
  26  2:16  Drone  
  26  2:20  Drone  
  29  2:30  Drone x2  
  30  2:40  Drone  
  32  2:44  Zergling x2  
  32  2:45  Hatchery  
  32  2:50  Queen  
  32  2:54  Drone  
  32  2:56  Drone  
  34  3:00  Drone  
  34  3:04  Spore Crawler  
  34  3:06  Drone  
  34  3:09  Drone  
  35  3:14  Overlord  
  35  3:22  Lair  
  35  3:23  Overlord  
  36  3:35  Roach Warren  
  36  3:37  Extractor, Drone x2  
  36  3:44  Drone  
  36  3:45  Drone  
  38  3:50  Drone  
  38  3:52  Zergling x6  
  42  4:02  Drone x5  
  47  4:06  Overlord  
  47  4:08  Drone  
  48  4:17  Overlord  
  48  4:19  Roach  
  48  4:20  Overseer  
  50  4:25  Roach  
  50  4:26  Roach x2  
  55  4:33  Roach, Extractor  
  55  4:34  Overlord  
  56  4:40  Drone x2  
  56  4:41  Drone  
  56  4:43  Roach x2  
  63  4:46  Roach  
  63  4:48  Drone  
  66  4:55  Drone x3  
  66  4:58  Drone x2  
  71  5:04  Overlord  
  71  5:05  Roach x2  
  72  5:16  Queen  
  70  5:27  Drone  
  70  5:28  Drone x4  
  69  5:30  Drone  
  69  5:34  Drone x2  
  72  5:38  Drone  
  72  5:39  Drone  
  72  5:41  Drone x2  
  74  5:44  Glial Reconstitution  
  74  5:47  Drone  
  74  5:53  Drone x2  
  76  5:57  Queen  
  76  5:58  Roach x2  
  76  5:59  Overlord  
  76  6:01  Overlord  
  78  6:04  Overseer  
  78  6:07  Zergling x6  
  81  6:11  Extractor  
  81  6:12  Extractor  
  81  6:13  Overlord  
  81  6:16  Ravager x2  
  79  6:20  Roach x4  
  86  6:33  Drone x4  
  86  6:39  Drone x2  
  90  6:42  Drone x2  
  90  6:44  Drone x4  
  94  6:47  Drone x3  
  94  6:53  Drone  
  94  6:54  Drone  
  93  7:02  Overlord  
  93  7:06  Overlord  
  93  7:08  Spire  
  93  7:09  Roach x2  
  93  7:15  Ravager x5  
  101  7:16  Overlord  
  101  7:25  Zergling x8  
  101  7:29  Extractor  
  104  7:31  Zergling x10  
  104  7:33  Overlord  
  104  7:34  Ravager  
  108  7:45  Zergling x10  
  113  7:51  Overlord  
  113  7:57  Zergling x10  
  118  8:01  Overlord  
  107  8:17  Overlord  
  107  8:19  Zergling x2  
  106  8:24  Mutalisk x7  
  106  8:26  Overlord  
  120  8:34  Mutalisk x2  
  120  8:45  Mutalisk x2  
  121  8:49  Mutalisk  
  121  8:52  Mutalisk  
  125  8:58  Mutalisk  
  125  9:01  Overlord  
  125  9:02  Mutalisk  
  129  9:06  Mutalisk  
  131  9:11  Zergling x8  
Tags
 
Add a new tag
Caveats
  • Supply blocks, unpowered buildings, or Contaminate may cause inaccurate times.
  • Supply counts are checked every 10 seconds.